 Dungeon Sprint DCSS version 0.16-a0-3943-gb4b81e6 (webtiles) character file.

2426 BluebellGnoll the Warrior (level 9, -11/107 (109) HPs)
             Began as a Deep Dwarf Berserker on Feb 8, 2015.
             Was a High Priest of Trog.
             Killed from afar by a crystal guardian (43 damage)
             ... with a crystal bolt
             ... in the Dungeon (Sprint II: "The Violet Keep of Menkaure").
             The game lasted 00:11:12 (490 turns).

BluebellGnoll the Warrior (Deep Dwarf Berserker)     Turns: 490, Time: 00:11:12

HP:   -11/107 (109) AC: 12    Str: 22    XL:     9   Next: 24%
MP:   21/21         EV: 10    Int:  8    God:    Trog [*****.]
Gold: 191           SH:  0    Dex: 12    Spells: 0 memorised, 8 levels left

rFire  . . .     SeeInvis .     a - +0 hand axe
rCold  . . .     Clarity  .     l - +3 scale mail {MR+}
rNeg   + + .     SustAb   .     (no shield)
rPois  .         Gourm    .     (no helmet)
rElec  .         Spirit   .     (no cloak)
rCorr  .         Warding  .     (no gloves)
rMut   .         NoTele   +     e - +2 pair of boots "Okinuicha" {+Blink rN++ Str-2}
MR     ++...                    (no amulet)
Stlth  ..........               (no ring)
                                (no ring)

@: lethally poisoned (-11 -> -61), non-regenerating, rotting, badly diseased,
slowed, very slow, very resistant to hostile enchantments, extremely unstealthy
A: damage resistance, recharge devices, sense surroundings 2, slow healing 3
a: Device Recharging, Burn Spellbooks, Berserk, Trog's Hand, Brothers in Arms,
Renounce Religion, Evoke Blink


You were in the Dungeon.
You worshipped Trog.
Trog was extremely pleased with you.
You were not hungry.

You visited 1 branch You collected 1053 gold pieces.
You spent 862 gold pieces at shops.

Inventory:

Hand weapons
 a - a +0 hand axe (weapon)
Armour
 b - a +0 animal skin
 e - the +2 pair of boots "Okinuicha" (worn) {+Blink rN++ Str-2}
   (You bought it in a shop in the Dungeon)

   It affects your strength (-2).
   It greatly protects you from negative energy.
   It lets you blink.
 g - the -5 chain mail "Faehiemu" {rF- Str+2 Int+6}
   (You bought it in a shop in the Dungeon)

   It affects your strength (+2).
   It affects your intelligence (+6).
   It makes you vulnerable to fire.
 l - a +3 scale mail of magic resistance (worn)
Magical devices
 c - a wand of heal wounds (0)
 i - a wand of enslavement (18)
Scrolls
 j - a scroll of blinking
 k - 2 scrolls of identify
Potions
 f - a potion of heal wounds
 h - 2 potions of magic
Comestibles
 d - a bread ration
 m - 5 chunks of flesh


   Skills:
 + Level 16.2 Fighting
 - Level 8.2 Axes
 - Level 2.1 Armour
 - Level 2.1 Dodging
 - Level 11.0 Evocations


You had 8 spell levels left.
You didn't know any spells.

Dungeon Overview and Level Annotations

Branches:
Dungeon (1/1)

Altars:
Dithmenos
Elyvilon
Fedhas
Gozag
Kikubaaqudgha
Makhleb
Nemelex Xobeh
Okawaru
Qazlal
Ru
Sif Muna
Vehumet
Xom
Yredelemnul
Zin
The Shining One
Beogh
Jiyva
Lugonu

Shops:
D [:=:?(:(=[[!!%=}

Annotations:
D exclusion: oklob plant


Innate Abilities, Weirdness & Mutations

You are resistant to damage.
You can recharge devices by infusing magical energy.
You passively map the area around you.
You do not heal naturally.


Message History

Press: ? - help, Shift-Dir - straight line, f - you You feel much better.
This wand has 1 charge left.
You feel very sick. The death drake bites you. The crystal guardian hits you!
* * * LOW HITPOINT WARNING * * *
Unknown command.
Evoke which item? (* to show all) (? for menu, Esc to quit)
Zapping:
c - a wand of heal wounds (1)
Press: ? - help, Shift-Dir - straight line, f - you You feel much better.
This wand has 0 charges left.
You feel very sick. The death drake breathes miasma at you.
The foul vapour engulfs you!
You are lethally poisoned!
You feel your flesh rotting away!
You feel ill.
You feel yourself slow down.
* * * LOW HITPOINT WARNING * * *
The crystal guardian fires a crystalline bolt at you.
The crystal bolt misses you. The crystal bolt freezes you!
You die...

≈ ≈ ≈* , # ,,* ** ≈# ≈ * ...*** *
≈ ≈ ≈ ≈≈# + + ...* # , * ≈≈..,, ,
.. ,k# , , ≈≈≈.##+#*..* #.
.#,)▓(?(! ≈≈≈##..###.#### +.##8#
|▓((!)(%? ≈≈≈#..##.# ...#
...####▓[=$![(%
≈####.#.####..#####k.##.#▓?($(???
##.###'###.##..#@k§§§#..#▓((!$!!(
#...##.##...#..#§8#§§#).#▓?($!)(!
+##.'.<.')#.'..####§.##.#▓!?((??(
#...##.##...#....###.^.##▓▓▓▓▓▓▓+
##.###'###.##......≈≈≈≈≈≈≈≈§≈§≈≈.
≈####.#.####≈≈§§...≈#+########+##
≈≈≈#.###.#≈≈≈≈≈≈≈..≈#....._._#{≈§
+#≈## #.##≈≈§≈≈≈≈≈.≈#...._._.#{§≈
≈≈* +##≈≈§≈≈≈≈≈§≈≈#..._._._#§§§


You could see a death drake, a crystal guardian and a swamp drake.

Vanquished Creatures
  A siren (D)
  A yaktaur (D)
  2 polar bears (D)
  A baby alligator (D)
  2 hippogriffs (D)
  3 yaks (D)
  Menkaure (D)
  A wasp (D)
  4 necrophages (D)
  A crocodile (D)
  3 worms (D)
20 creatures vanquished.

Vanquished Creatures (others)
  A polar bear (D)
1 creature vanquished.

Grand Total: 21 creatures vanquished

Notes
Turn   | Place    | Note
--------------------------------------------------------------
     0 | D        | BluebellGnoll, the Deep Dwarf Berserker, began the quest for the Orb.
     0 | D        | Reached XP level 1. HP: 20/20 MP: 1/1
     1 | D        | Noticed a necrophage
     1 | D        | Noticed a necrophage
     1 | D        | Noticed a necrophage
     1 | D        | Noticed a necrophage
    11 | D        | Killed a necrophage
    11 | D        | Reached skill level 8 in Fighting
    11 | D        | Reached XP level 2. HP: 23/37 MP: 2/2
    11 | D        | Reached XP level 3. HP: 26/43 MP: 3/3
    11 | D        | Reached XP level 4. HP: 30/51 MP: 4/4
    14 | D        | Killed a necrophage
    14 | D        | Reached XP level 5. HP: 31/57 MP: 5/5
    22 | D        | Killed a necrophage
    27 | D        | Killed a necrophage
    27 | D        | Reached skill level 11 in Evocations
    27 | D        | Reached XP level 6. HP: 23/65 MP: 6/17
    38 | D        | Found Moss' Distillery.
    38 | D        | Found Koinlaipp's Jewellery Boutique.
    39 | D        | Found Sumem's Gadget Shop.
    39 | D        | Found Iga Laul's Antique Armour Shop.
    39 | D        | Found Ejiosit's Armour Boutique.
    39 | D        | Found Umiefil's Jewellery Shop.
    39 | D        | Found Hahen's Distillery.
    40 | D        | Found Shyxt's Book Boutique.
    40 | D        | Found Mneizit's Weapon Boutique.
    40 | D        | Found Ypohah's Antique Weapon Boutique.
    41 | D        | Found Tyojux's Food Shop.
    41 | D        | Found Pnojevilo's Book Boutique.
    41 | D        | Noticed a death yak
    42 | D        | Noticed Menkaure
    43 | D        | Found Khoosk's Jewellery Shop.
    43 | D        | Found Wiunin's Magic Scroll Shop.
    45 | D        | Found Lacw's Antique Armour Boutique.
    45 | D        | Noticed an oklob plant
    46 | D        | Found Stepp's Book Shoppe.
    50 | D        | Noticed a spiny frog
    54 | D        | Bought a pair of bloodstained boots for 237 gold pieces
    59 | D        | Identified the +2 pair of boots "Okinuicha" {+Blink rN++ Str-2} (You bought it in a shop in the Dungeon)
    77 | D        | Killed Menkaure
   108 | D        | Acquired Trog's second power
   128 | D        | Noticed a hippogriff
   128 | D        | Noticed a hippogriff
   142 | D        | Killed a hippogriff
   142 | D        | Reached skill level 10 in Fighting
   142 | D        | Reached XP level 7. HP: 51/78 MP: 17/17
   155 | D        | Killed a hippogriff
   202 | D        | Noticed a siren
   212 | D        | Killed a siren
   212 | D        | Reached skill level 12 in Fighting
   212 | D        | Reached XP level 8. HP: 58/91 MP: 19/19
   241 | D        | Bought a faintly glowing chain mail for 228 gold pieces
   254 | D        | Identified the cursed -5 chain mail "Faehiemu" {rF- Str+2 Int+6} (You bought it in a shop in the Dungeon)
   258 | D        | Bought a scroll of remove curse for 39 gold pieces
   258 | D        | Bought a scroll of identify for 26 gold pieces
   265 | D        | Noticed a spiny frog
   267 | D        | Bought a runed scale mail for 96 gold pieces
   285 | D        | Bought a scroll of identify for 26 gold pieces
   290 | D        | Bought a wand of enslavement (19) for 210 gold pieces
   322 | D        | Noticed a baby alligator
   343 | D        | Killed a baby alligator
   343 | D        | Reached skill level 13 in Fighting
   355 | D        | Noticed a crocodile
   366 | D        | Killed a crocodile
   371 | D        | Found a shimmering altar of Xom.
   371 | D        | Found an iron altar of Okawaru.
   372 | D        | Found a glowing golden altar of the Shining One.
   373 | D        | Found a roughly hewn altar of Beogh.
   373 | D        | Found a shadowy altar of Dithmenos.
   373 | D        | Found a glowing silver altar of Zin.
   373 | D        | Found a deep blue altar of Sif Muna.
   373 | D        | Found a viscous altar of Jiyva.
   374 | D        | Found a burning altar of Makhleb.
   375 | D        | Found a stormy altar of Qazlal.
   386 | D        | Found an ancient bone altar of Kikubaaqudgha.
   386 | D        | Found a sparkling altar of Nemelex Xobeh.
   386 | D        | Found a white marble altar of Elyvilon.
   386 | D        | Noticed a yaktaur
   386 | D        | Noticed a wasp
   386 | D        | Noticed a polar bear
   387 | D        | Noticed a polar bear
   389 | D        | a polar bear (ally) was killed
   389 | D        | Noticed a polar bear
   396 | D        | Killed a polar bear
   396 | D        | Reached skill level 14 in Fighting
   400 | D        | Killed a polar bear
   404 | D        | Paralysed by a wasp for 3 turns
   409 | D        | Killed a wasp
   409 | D        | Acquired Trog's third power
   409 | D        | Reached skill level 15 in Fighting
   418 | D        | Killed a yaktaur
   418 | D        | Gained mutation: You passively map the area around you. [level up]
   418 | D        | Reached XP level 9. HP: 78/104 MP: 21/21
   432 | D        | Found a sacrificial altar of Ru.
   432 | D        | Found an opulent altar of Gozag.
   432 | D        | Found a blossoming altar of Fedhas.
   432 | D        | Found a corrupted altar of Lugonu.
   432 | D        | Found a basalt altar of Yredelemnul.
   434 | D        | Found a radiant altar of Vehumet.
   435 | D        | Noticed a crocodile
   437 | D        | Noticed a crocodile
   437 | D        | Noticed a kraken
   450 | D        | Noticed a yak
   450 | D        | Noticed a yak
   450 | D        | Noticed a yak
   470 | D        | Killed a yak
   474 | D        | Killed a yak
   474 | D        | Reached skill level 16 in Fighting
   478 | D        | Killed a yak
   478 | D        | Noticed a death drake
   478 | D        | Noticed a swamp drake
   479 | D        | Noticed a crystal guardian
   479 | D        | Noticed a swamp drake
   490 | D        | Killed from afar by a crystal guardian

Action                   |  1- 3 |  4- 6 |  7- 9 || total
-------------------------+-------+-------+-------++-------
Melee: Hand axe          |     9 |    57 |   103 ||   169
Invok: Trog's Hand       |       |     1 |     7 ||     8
       Berserk           |       |     1 |     2 ||     3
 Abil: Device Recharging |       |     1 |       ||     1
Evoke: Wand              |       |     4 |     7 ||    11
  Use: Potion            |     1 |     2 |       ||     3
       Scroll            |       |       |     1 ||     1
  Eat: Chunk             |       |       |     4 ||     4
